 Dungeon Crawl Stone Soup version 0.27.1 (webtiles) character file.

Game seed: 13406760670054114626

1041 Thatpatchoflichen the Protected (level 8, 0/70 HPs)
             Began as a Minotaur Fighter on Aug 24, 2021.
             Slain by Blork the orc (5 damage)
             ... on level 6 of the Dungeon.
             The game lasted 00:11:01 (5827 turns).

Thatpatchoflichen the Protected (Minotaur Fighter)  Turns: 5827, Time: 00:11:01

Health: 0/70       AC: 10    Str: 21    XL:     8   Next: 4%
Magic:  7/7        EV:  7    Int:  5    God:
Gold:   301        SH: 10    Dex: 12    Spells: 7/7 levels left

rFire    + . .     SeeInvis .   s - +0 dagger (venom)
rCold    x . .     Faith    .   c - +0 kite shield
rNeg     . . .     Spirit   .   w - +0 chain mail
rPois    .         Reflect  .   (helmet restricted)
rElec    .         Harm     .   (no cloak)
rCorr    .         Rampage  .   (no gloves)
Will     .....                  (no boots)
Stlth    ..........             (no amulet)
HPRegen  0.21/turn              t - ring of fire
MPRegen  0.10/turn              (no ring)

@: mighty
A: horns 2, retaliatory headbutt
a: no special abilities


You were on level 6 of the Dungeon.
You visited 1 branch of the dungeon, and saw 6 of its levels.

You collected 301 gold pieces.

Inventory:

Hand Weapons
 a - a +0 trident
 g - a +2 dagger of protection
 h - a +1 vorpal mace
 s - a +0 dagger of venom (weapon)
Missiles
 b - 7 boomerangs
 e - 109 arrows
 f - 108 stones (quivered)
 v - 68 bolts
 x - 4 silver boomerangs
 C - 45 sling bullets
Armour
 c - a +0 kite shield (worn)
 o - a +0 plate armour
 w - a +0 chain mail (worn)
Jewellery
 t - a ring of fire (left hand)
Wands
 j - a wand of flame (22)
 y - a wand of paralysis (9)
Scrolls
 i - 2 scrolls of acquirement {unknown}
 k - a scroll of fog {unknown}
 m - 2 scrolls of noise {unknown}
 n - 4 scrolls of identify {unknown}
 p - a scroll of blinking {unknown}
 r - a scroll of silence {unknown}
Potions
 d - 2 potions of might
 l - 2 potions of lignification {unknown}
 q - 2 potions of curing {unknown}
 u - a potion of attraction {unknown}
 z - 2 potions of berserk rage {unknown}
 A - a potion of magic {unknown}
 B - a potion of degeneration {unknown}


   Skills:
 + Level 6.1 Fighting
 - Level 2.4 Polearms
 + Level 8.1 Armour
 + Level 4.1 Dodging
 + Level 6.1 Shields


You had 7 spell levels left.
You didn't know any spells.
Your spell library contained the following spells:

 Spells                   Type           Power      Damage    Failure   Level
 Animate Skeleton         Necr           0%         N/A       100%        1
 Apportation              Tloc           0%         N/A       100%        1
 Corona                   Hex            0%         N/A       100%        1
 Sting                    Tmut/Pois      0%         1d3       100%        1
 Summon Small Mammal      Summ           0%         N/A       100%        1
 Poisonous Vapours        Pois/Air       0%         N/A       100%        2
 Call Canine Familiar     Summ           0%         N/A       100%        3
 Portal Projectile        Hex/Tloc       0%         N/A       100%        3
 Leda's Liquefaction      Hex/Erth       0%         N/A       100%        4
 Olgreb's Toxic Radiance  Pois           0%         N/A       100%        4


Dungeon Overview and Level Annotations

Branches:
Dungeon (6/15)             Temple (0/1) D:5

Altars:

Shops:
D:2 (

Annotations:
D:6 Blork the orc


Innate Abilities, Weirdness & Mutations

You have a pair of horns on your head.
You reflexively headbutt those who attack you in melee.


Message History

You closely miss the bullfrog.
The bullfrog is moderately wounded.
The bullfrog barely misses you.
You hit the bullfrog but do no damage.
The bullfrog looks as sick as possible!
Your headbutt misses the bullfrog.
The bullfrog is moderately wounded.
You block the bullfrog's attack. x2
You hit the bullfrog.
The bullfrog looks as sick as possible!
The bullfrog is severely wounded.
You kill the bullfrog!
You have reached level 8!
You feel agile.
Blork the orc shouts!
Blork the orc hits you with a +2 battleaxe of flaming!
Blork the orc burns you.
You hit Blork the orc but do no damage. Your headbutt misses Blork the orc.
You block Blork the orc's attack.
A bullfrog zombie comes into view.
You hit Blork the orc.
Blork the orc is poisoned.
Your headbutt misses Blork the orc.
Blork the orc is lightly wounded.
Blork the orc barely misses you. You furiously retaliate!
You headbutt Blork the orc, but do no damage.
You hit Blork the orc but do no damage.
Blork the orc is lightly wounded.
Blork the orc gestures wildly while chanting.
Blork the orc seems to speed up.
You hit Blork the orc but do no damage.
Blork the orc looks as sick as possible!
You headbutt Blork the orc, but do no damage.
Blork the orc is lightly wounded.
Blork the orc hits you but does no damage.
Blork the orc hits you with a +2 battleaxe of flaming!
* * * LOW HITPOINT WARNING * * *
Blork the orc burns you.
* * * LOW HITPOINT WARNING * * *
You feel very mighty all of a sudden.
Blork the orc hits you but does no damage.
Blork the orc hits you with a +2 battleaxe of flaming.
You die...

###.......#○#.#..
#.....#...#.#.#..
#.##>.....#.#.#.# #
#...##..#.#.#..
#.#.....#.#.##. #
...#F#...#○#.##
...###.....#○#.##
##.##.o.##.#.#.##
.###.#..@.##.#.#.##
..........##.#.#.##
..#......###.#.#.##
.....#Z..# #.#.#.##
.#.......# #.#.#$##
....##..## #.#.#$##
... #..# #.#.#$##
## ...# #.+.#$##
....# #.#.#$##


You could see Blork the orc (fast, extremely poisoned), a bullfrog and a
bullfrog zombie.

Vanquished Creatures
  Prince Ribbit (D:6)
  A black bear (D:4)
  2 ogres
  A bullfrog (D:6)
  A water moccasin zombie (D:5)
  2 hounds (D:5)
  A jelly (D:5)
  A centaur skeleton (D:4)
  2 iguanas
  Ijyb (D:3)
  Natasha (thrice) (D:2)
  2 orc wizards
  A mummy (D:5)
  5 adders
  A shadow imp (D:6)
  An ufetubus (D:4)
  A worm (D:2)
  2 dart slugs
  8 orcs
  7 endoplasms
  A giant cockroach (D:3)
  8 goblins
  3 hobgoblins
  5 kobolds
  3 quokkas
  4 ball pythons
  4 bats
  4 frilled lizards
  A hobgoblin zombie (D:5)
  2 kobold zombies (D:5)
  An orc zombie (D:5)
  6 rats
86 creatures vanquished.

Notes
Turn   | Place    | Note
-------+----------+-------------------------------------------
     0 | D:1      | Thatpatchoflichen the Minotaur Fighter began the quest for
                  | the Orb.
     0 | D:1      | Reached XP level 1. HP: 19/19 MP: 0/0
   165 | D:1      | Reached XP level 2. HP: 24/27 MP: 1/1
   390 | D:1      | Reached skill level 1 in Dodging
   474 | D:1      | Reached skill level 4 in Armour
   769 | D:2      | Noticed Natasha
   769 | D:2      | Found Deotest's Antique Weapon Boutique.
   783 | D:2      | Killed Natasha
   784 | D:2      | Reached XP level 3. HP: 6/34 MP: 2/2
   871 | D:2      | Noticed Natasha
  1034 | D:2      | Killed Natasha
  1035 | D:2      | Reached XP level 4. HP: 39/41 MP: 3/3
  1274 | D:2      | Noticed Natasha
  1282 | D:2      | Killed Natasha
  1283 | D:2      | Reached skill level 5 in Fighting
  1808 | D:3      | Noticed Ijyb
  1868 | D:3      | Killed Ijyb
  1869 | D:3      | Reached XP level 5. HP: 48/48 MP: 4/4
  2224 | D:3      | Noticed a floating eye
  2230 | D:3      | Found a faded altar of an unknown god.
  2232 | D:3      | Noticed a great orb of eyes
  2233 | D:3      | Noticed a shining eye
  2233 | D:3      | Noticed a floating eye
  2815 | D:4      | Noticed an ogre
  3106 | D:4      | Noticed a black bear
  3117 | D:4      | Killed a black bear
  3118 | D:4      | Reached XP level 6. HP: 54/57 MP: 5/5
  3892 | D:5      | Entered Level 5 of the Dungeon
  4004 | D:4      | Reached skill level 5 in Armour
  4004 | D:4      | Reached skill level 5 in Shields
  4274 | D:2      | Reached XP level 7. HP: 19/63 MP: 6/6
  4753 | D:5      | Found a staircase to the Ecumenical Temple.
  4898 | D:5      | Reached skill level 6 in Armour
  5659 | D:6      | Noticed Blork the orc
  5659 | D:6      | Noticed a wyvern
  5760 | D:6      | Noticed Prince Ribbit
  5767 | D:6      | Reached skill level 7 in Armour
  5785 | D:6      | Killed Prince Ribbit
  5786 | D:6      | Reached skill level 8 in Armour
  5814 | D:6      | Reached XP level 8. HP: 42/70 MP: 7/7
  5827 | D:6      | Slain by Blork the orc

Illustrated notes

Levels and vault maps discovered:
D:1:      mrwooster_arrival_statue_2, layout_rooms
D:2:      layout_rooms, serial_shops, shop, uniq_natasha
D:3:      layout_basic, hellmonk_ecumenical_altar_watching_god,
          grunt_ministairs_10, kennysheep_boxes, uniq_ijyb
D:4:      layout_basic
D:5:      layout_cave_pods, minmay_temple_entry_from_below_a, minivault_24,
          minmay_mini_ossuary
D:6:      lemuel_ice_spiral_2, layout_rooms, hangedman_decor_push,
          uniq_blork_the_orc, uniq_prince_ribbit1

Skill      XL: |  1  2  3  4  5  6  7 |
---------------+----------------------+-----
Dodging        | 2 3 4 |  4.1
Fighting       | 4 5 6 |  6.1
Armour         | 4 5 8 |  8.1
Shields        | 4 5 6 |  6.1
Polearms       | |  2.4

Action                   |  1- 3 |  4- 6 |  7- 9 || total
-------------------------+-------+-------+-------++-------
Melee: Trident           |     9 |       |       ||     9
       Dagger            |    61 |   132 |    94 ||   287
       Headbutt          |    10 |    27 |    21 ||    58
  Use: Potion            |       |       |     1 ||     1
Armor: Scale mail        |    49 |    14 |       ||    63
       Skin              |       |     5 |       ||     5
       Plate armour      |       |     1 |       ||     1
       Chain mail        |       |    31 |    38 ||    69
Dodge: Dodged            |    28 |    41 |    26 ||    95
Block: Kite shield       |    42 |    60 |    58 ||   160
